 Dungeon Crawl Stone Soup version 0.26-a0-651-gb41185065b (webtiles) character file.

Game seed: 15182913079165591656

128 Lugonue the Stinger (level 5, 0/32 HPs)
             Began as an Octopode Venom Mage on Oct 29, 2020.
             Slain by a kobold
             ... wielding a +0 dagger
              (1 damage)
             ... on level 3 of the Dungeon.
             The game lasted 00:02:33 (3193 turns).

Lugonue the Stinger (Octopode Venom Mage)           Turns: 3193, Time: 00:02:34

Health: 0/32       AC:  1    Str:  7    XL:     5   Next: 11%
Magic:  4/9        EV: 14    Int: 18    God:
Gold:   79         SH:  0    Dex: 13    Spells: 2/9 levels left

rFire    . . .     SeeInvis .     - Unarmed
rCold    . . .     Faith    .   (no shield)
rNeg     . . .     Spirit   .   (helmet restricted)
rPois    .         Reflect  .   (no amulet)
rElec    .         Harm     .   (no ring)
rCorr    .         Rampage  .   (no ring)
MR       .....                  (no ring)
Stlth    +++.......             (no ring)
HPRegen  0.10/turn              (no ring)
MPRegen  0.11/turn              (no ring)
                                (no ring)
                                (no ring)

@: hasted, very quick
A: almost no armour, stealthy swim, amphibious, 8 rings, constrict 8, camouflage
1, gelatinous body 1
a: no special abilities


You were on level 3 of the Dungeon.
You visited 1 branch of the dungeon, and saw 3 of its levels.

You collected 79 gold pieces.

Inventory:

Scrolls
 a - 3 scrolls of teleportation {unknown}
 d - 5 scrolls of amnesia {unknown}
 e - 2 scrolls of identify {unknown}
 g - a scroll of remove curse {unknown}
 h - a scroll of noise {unknown}
 i - a scroll of fear {unknown}
 k - a scroll of blinking {unknown}
Potions
 c - a potion of degeneration {unknown}
 f - a potion of mutation {unknown}
 j - a potion of cancellation
 l - a potion of berserk rage {unknown}
 m - a potion of lignification {unknown}
 n - a potion of heal wounds {unknown}


   Skills:
 + Level 0.5 Fighting
 + Level 2.4 Dodging
 - Level 2.7 Stealth
 + Level 1.8 Unarmed Combat
 + Level 2.9 Spellcasting
 + Level 1.6 Transmutations
 + Level 4.8 Poison Magic


You had 2 spell levels left.
You knew the following spells:

 Your Spells              Type           Power        Failure   Level
a - Sting                 Tmut/Pois      ##..         4%          1
b - Poisonous Vapours     Pois/Air       ##....       10%         2
c - Olgreb's Toxic Radia  Pois           ###.....     22%         4

Your spell library contained the following spells:

 Spells                   Type           Power        Failure   Level
 Ignite Poison            Fire/Tmut/Pois ##......     21%         3
 Mephitic Cloud           Conj/Pois/Air  #.......     26%         3


Dungeon Overview and Level Annotations

Branches:
Dungeon (3/15)

Altars:
Elyvilon
Hepliaklqana
Ru


Innate Abilities, Weirdness & Mutations

You cannot wear most types of armour.
You are very stealthy in the water. (Stealth+)
You are amphibious.
You can wear up to eight rings at the same time.
You can use your tentacles to constrict eight enemies at once.
Your skin changes colour to match your surroundings (Stealth+).
Your rubbery body absorbs attacks. (AC +1, EV +1)


Message History

Unknown command.
It was a potion of cancellation.
You feel magically purged.
You constrict the dart slug. The dart slug barely misses you.
Casting: Sting (safe; 4% risk of failure)
Confirm with . or Enter, or press ? or * to list all spells.
Aiming: Sting (safe; 4% risk of failure)
Press: ? - help, Shift-Dir - straight line, f - dart slug
Aim: a dart slug (almost dead, constricted by you)
The sting hits the dart slug.
The dart slug is poisoned.
You kill the dart slug!
The kobold throws a stone.
The stone closely misses you.
The stone closely misses the adder.
The ooze hits you.
* * * LOW HITPOINT WARNING * * *
The kobold misses you.
You see here a dart slug corpse.
Unknown command.
It was a potion of haste.
You feel yourself speed up. The ooze hits you.
* * * LOW HITPOINT WARNING * * *
The kobold hits you with a +0 dagger.
You die...

#..)......#.#
#..g##.#g##
......!..#J.#
#.#.#..###.#.# #
#.#.. #.#.# # #..
#.# # #.g
##)#.####
#..##........<
#.K@JS...(....
......###....####.
..### ###>.# ..#
..# ..# ..


You could see 2 gnolls, an ooze, an adder and a kobold.

Vanquished Creatures
  3 gnolls
  6 adders (D:2)
  A worm (D:2)
  2 dart slugs
  3 leopard geckos (D:2)
  A giant cockroach (D:2)
  A hobgoblin (D:1)
  2 jackals (D:1)
  6 bats (D:2)
  3 frilled lizards
  5 goblins
  5 kobolds
  3 rats
41 creatures vanquished.

Vanquished Creatures (others)
  54 plants (D:2)
54 creatures vanquished.

Grand Total: 95 creatures vanquished

Notes
Turn   | Place    | Note
-------+----------+-------------------------------------------
     0 | D:1      | Lugonue the Octopode Venom Mage began the quest for the
                  | Orb.
     0 | D:1      | Reached XP level 1. HP: 11/11 MP: 3/3
   675 | D:1      | Reached skill level 4 in Poison Magic
   711 | D:1      | Reached XP level 2. HP: 11/17 MP: 5/5
  1574 | D:2      | Reached XP level 3. HP: 21/21 MP: 4/6
  1674 | D:2      | Found a white marble altar of Elyvilon.
  2034 | D:2      | Learned a level 2 spell: Poisonous Vapours
  2232 | D:2      | Reached skill level 1 in Unarmed Combat
  2232 | D:2      | Reached XP level 4. HP: 27/27 MP: 2/7
  2396 | D:2      | Found a sacrificial altar of Ru.
  2399 | D:2      | Found a hazy altar of Hepliaklqana.
  3174 | D:2      | Learned a level 4 spell: Olgreb's Toxic Radiance
  3184 | D:3      | Reached XP level 5. HP: 22/32 MP: 5/9
  3193 | D:3      | HP: 1/32 [ooze (2)]
  3193 | D:3      | Slain by a kobold

Illustrated notes

Levels and vault maps discovered:
D:1:      dpeg_arrival_stone_temple_mockup, layout_basic
D:2:      layout_loops_corners, overflow_temple_1_default,
          grunt_temple_overflow_open, serial_bayou, serial_bayou_lagoon_a,
          serial_bayou_pond_a, serial_bayou_ford_a, serial_bayou_pond_e,
          minmay_ruptured
D:3:      layout_loops_ring, gammafunk_temple_overflow_arena,
          cheibrodos_sewer_entry_drain, uniq_grinder, uniq_robin

Skill      XL: |  1  2  3 |
---------------+----------+-----
Poison Magic   | 4 |  4.8
Unarmed Combat | 1 |  1.8
Fighting       | |  0.5
Dodging        | |  2.4
Stealth        | |  2.7
Spellcasting   | |  2.9
Transmutations | |  1.6

Action                   |  1- 3 |  4- 6 || total
-------------------------+-------+-------++-------
Melee: Unarmed           |    68 |    14 ||    82
       Constrict         |    19 |     5 ||    24
       Tentacles         |    13 |     2 ||    15
 Cast: Sting             |    13 |     2 ||    15
       Poisonous Vapours |     2 |    11 ||    13
       Olgreb's Toxic Ra |       |     1 ||     1
  Use: Potion            |       |     2 ||     2
 Stab: Sleeping          |     5 |       ||     5
Armor: Skin              |     8 |       ||     8
Dodge: Dodged            |    47 |    20 ||    67

Table legend: (Time is in decaauts)
 A = Elapsed time spent in this place.
 B = Non-inter-level travel time spent in this place.
 C = Inter-level travel time spent in this place.
 D = Time resting spent in this place.
 E = Time spent auto-exploring this place.
 F = Levels seen in this place.
 G = Mean time per level.
                   A        B        C        D        E       F      G
               +--------+--------+--------+--------+--------+-----+--------+
         Total |   3192 |   3136 |     56 |      0 |   2822 |   3 | 1064.0 |
       Dungeon |   3192 |   3136 |     56 |      0 |   2822 |   3 | 1064.0 |
               +--------+--------+--------+--------+--------+-----+--------+

Top non-repeatable levels by time:
     D:2: 1636 daAuts
     D:1: 1536 daAuts
     D:3: 20 daAuts
